 Dungeon Crawl Stone Soup version 0.30-a0-845-g7c6808c8ce (webtiles) character file.

Game seed: 11664939440798477638

1429 Demosthentine the Ducker (level 8, 0/63 HPs)
             Began as a Demonspawn Gladiator on Mar 2, 2023.
             Slain by an ice beast (10 damage)
             ... on level 5 of the Dungeon.
             The game lasted 00:05:09 (3354 turns).

Demosthentine the Ducker (Demonspawn Gladiator)     Turns: 3354, Time: 00:05:09

Health: 0/63       AC:  4    Str: 14    XL:     8   Next: 44%
Magic:  17/17      EV: 14    Int: 10    God:
Gold:   120        SH:  0    Dex: 17    Spells: 7/7 levels left

rFire   . . .      SeeInvis .    a - +0 trident
rCold   . . .      Faith    .    (no shield)
rNeg    . . .      Spirit   .    b - +1 leather armour
rPois   .          Reflect  .    (helmet restricted)
rElec   .          Rampage  .    (no cloak)
rCorr   +                        (no gloves)
Will    .....                    (no boots)
Stlth   +                        (no amulet)
HPRegen 0.30/turn                j - ring of resist corrosion
MPRegen 0.15/turn                f - ring of magical power

@: no status effects
A: horns 1, spiny 3, demonic touch 1
a: no special abilities


You were on level 5 of the Dungeon.
You visited 2 branches of the dungeon, and saw 7 of its levels.

You collected 196 gold pieces.
You spent 76 gold pieces at shops.

Inventory:

Hand Weapons
 a - a +0 trident (weapon)
Missiles
 e - a javelin (quivered)
Armour
 b - a +1 leather armour (worn)
Jewellery
 f - a ring of magical power (right hand)
 i - a ring of ice
 j - a ring of resist corrosion (left hand)
Wands
 n - a wand of charming (4)
Scrolls
 c - 2 scrolls of identify
 o - a scroll of noise {unknown}
Potions
 g - 2 potions of flight
 h - 2 potions of mutation
 k - a potion of haste
 l - a potion of invisibility {unknown}
 q - 2 potions of curing


   Skills:
 + Level 5.5 Fighting
 + Level 5.4 Polearms
 - Level 1.7 Throwing
 + Level 4.5 Armour
 + Level 5.5 Dodging


You had 7 spell levels left.
You didn't know any spells.
Your spell library contained the following spells:

 Spells                   Type           Power      Damage    Failure   Level
 Freeze                   Ice            0%         1d3       43%         1
 Shock                    Conj/Air       0%         1d3       43%         1
 Sublimation of Blood     Necr           0%         N/A       56%         2
 Wereblood                Tmut           0%         N/A       56%         2
 Frozen Ramparts          Ice            0%         1d1       80%         3
 Hailstorm                Conj/Ice       0%         3d3       80%         3
 Swiftness                Air            0%         N/A       80%         3
 Airstrike                Air            0%         2d(0-16)  99%         4
 Summon Hydra             Summ           0%         N/A       100%        7


Dungeon Overview and Level Annotations

Branches:
Dungeon (6/15)             Temple (1/1) D:4

Altars:
Ashenzari
Cheibriados
Nemelex Xobeh
Okawaru
Ru
Sif Muna
Trog
Yredelemnul

Shops:
D:2 !?   D:3 ([*?   D:4 *


Innate Abilities, Weirdness & Mutations

You have a pair of small horns on your head.
You are completely covered in sharp spines.
Your touch may inflict minor irresistible damage on your foes.


Message History

The steam dragon is almost dead.
The steam dragon barely misses you.
The steam dragon claws you but does no damage.
The ogre is struck by your spines. The ogre closely misses you.
You hit the steam dragon.
You headbutt the steam dragon, but do no damage.
The steam dragon is almost dead.
You are engulfed in a cloud of scalding steam.
The steam dragon bites you. The steam dragon completely misses you.
You closely miss the steam dragon.
You touch the steam dragon.
You kill the steam dragon!
The ogre closely misses you.
You barely miss the ogre.
You touch the ogre!
The ogre is severely wounded.
The ogre is struck by your spines.
You kill the ogre!
You see here a +0 giant club.
You start resting.
An ice beast comes into view.
An ice beast is nearby!
An ice beast is nearby!
You are too injured to fight recklessly!
You are too injured to fight recklessly!
You are too injured to fight recklessly!
Reach: a) +0 trident
Press: ? - help, Dir - move target, f - ice beast
Aim: an ice beast (about 37% to evade your +0 trident)
You reach to attack!
You hit the ice beast but do no damage.
Unknown command.
You puncture the ice beast!
You headbutt the ice beast, but do no damage.
You touch the ice beast!
The ice beast is heavily wounded.
The ice beast is struck by your spines. The ice beast hits you.
The ice beast freezes you!
* * * LOW HITPOINT WARNING * * *
The ice beast hits you.
* * * LOW HITPOINT WARNING * * *
The ice beast freezes you!
You die...

## #.
##.##########
#............
#...Y).......
#...@........
####.########
##.####...###
#.....#.....#
#.....#.....#
##..####'######.#
##..###..#....#..
#........#......
#......>.#....#


You could see an ice beast.

Vanquished Creatures
  Pikel (D:6)
  A steam dragon (D:5)
  An ice beast (D:6)
  2 ogres
  2 phantoms (D:6)
  2 scorpions
  A howler monkey (D:4)
  A sleepcap (D:6)
  Jessica (D:3)
  An orc wizard (D:4)
  Robin (D:4)
  8 adders
  2 white imps (D:6)
  3 worms (D:2)
  3 dart slugs
  3 orcs
  5 bats
  9 endoplasms
  3 giant cockroaches (D:3)
  15 goblins
  8 hobgoblins
  6 jackals
  5 kobolds
  6 quokkas
  6 ball pythons
  4 frilled lizards
  3 rats
103 creatures vanquished.

Vanquished Creatures (others)
  4 toadstools (D:6)
4 creatures vanquished.

Grand Total: 107 creatures vanquished

Notes
Turn   | Place    | Note
-------+----------+-------------------------------------------
     0 | D:1      | Demosthentine the Demonspawn Gladiator began the quest for
                  | the Orb.
     0 | D:1      | Reached XP level 1. HP: 16/16 MP: 1/1
   192 | D:1      | Discovered your monstrous ancestry.
   192 | D:1      | Gained mutation: You have a pair of small horns on your
                  | head. [demonic ancestry]
   192 | D:1      | Reached XP level 2. HP: 22/22 MP: 2/2
   529 | D:1      | Reached skill level 1 in Armour
   644 | D:1      | Gained mutation: Your touch may inflict minor irresistible
                  | damage on your foes. [demonic ancestry]
   644 | D:1      | Reached XP level 3. HP: 28/28 MP: 3/3
   817 | D:2      | Found a basalt altar of Yredelemnul.
   980 | D:2      | Found Domiuthe's Magic Scroll Shoppe.
  1032 | D:2      | Found Qoschur's Distillery.
  1064 | D:2      | Gained mutation: You are partially covered in sharp spines.
                  | [demonic ancestry]
  1064 | D:2      | Reached XP level 4. HP: 34/34 MP: 4/4
  1617 | D:2      | Found a faded altar of an unknown god.
  1628 | D:2      | Bought a potion of curing for 36 gold pieces
  1639 | D:2      | Bought a scroll of identify for 20 gold pieces
  1639 | D:2      | Bought a scroll of identify for 20 gold pieces
  1685 | D:3      | Found Duijidy's Antique Armour Shoppe.
  1738 | D:3      | Found an iron altar of Okawaru.
  1859 | D:3      | Found Woveluwa's General Store.
  1908 | D:3      | Found Kititt's Weapon Shoppe.
  1913 | D:3      | Reached XP level 5. HP: 41/41 MP: 5/5
  1957 | D:3      | Found Paraesic's Magic Scroll Boutique.
  2052 | D:3      | Found Qucvut's Antique Weapon Emporium.
  2055 | D:3      | Noticed Jessica
  2059 | D:3      | Killed Jessica
  2247 | D:4      | Found a staircase to the Ecumenical Temple.
  2250 | D:4      | Noticed Robin
  2343 | D:4      | Killed Robin
  2414 | D:4      | Found Mgossa's Merry Market.
  2438 | Temple   | Entered the Ecumenical Temple
  2633 | D:4      | Reached XP level 6. HP: 32/47 MP: 6/6
  2989 | D:4      | You fall into a shaft and drop 2 floors!
  3056 | D:6      | Noticed an ice beast
  3066 | D:6      | Killed an ice beast
  3067 | D:6      | Gained mutation: You are mostly covered in sharp spines.
                  | [demonic ancestry]
  3067 | D:6      | Reached XP level 7. HP: 54/54 MP: 7/7
  3170 | D:6      | Noticed Pikel
  3209 | D:6      | Killed Pikel
  3210 | D:6      | Reached skill level 5 in Fighting
  3210 | D:6      | Reached skill level 5 in Polearms
  3210 | D:6      | Reached skill level 5 in Dodging
  3210 | D:6      | Gained mutation: You are completely covered in sharp
                  | spines. [demonic ancestry]
  3210 | D:6      | Reached XP level 8. HP: 43/62 MP: 8/8
  3237 | D:5      | Entered Level 5 of the Dungeon
  3354 | D:5      | Slain by an ice beast

Illustrated notes

Levels and vault maps discovered:
D:1:      dpeg_arrival_central, layout_loops_ring, nicolae_wormholes
D:2:      layout_rooms, serial_shops, nicolae_shop_stone, shop_statue,
          basic_altar, shapermc_ecumenical_altar_pompeii
D:3:      layout_basic, lemuel_crystal_altar, serial_shops,
          nicolae_lakefront_shop, shop, nicolae_shop_crystal, shop,
          nicolae_square_shop, uniq_jessica
D:4:      layout_gridville, minmay_temple_entry_sparse_star,
          nicolae_alphabet_shops, uniq_robin, uniq_crazy_yiuf_cottage
D:5:      layout_gridville, mainiacjoe_overflow_alcove_1,
          nicolae_uskayaw_dance_hall, tso_altar, serial_rivers,
          chequers_serial_rivers_marsh, chequers_serial_rivers_micro_a,
          chequers_serial_rivers_marsh, chequers_serial_rivers_large_a,
          hangedman_minor_gate_pass, uniq_duvessa
D:6:      layout_loops_cross, lemuel_round_altar, kennysheep_diamond,
          st_stairs_5, grunt_decor_arrowhead, minmay_gold_behind_fungi,
          roderic_lattice_a, minmay_ruined_shrine, uniq_pikel
Temple:   nicolae_temple_ecumenical_triangle

Skill      XL: |  1  2  3  4  5  6  7 |
---------------+----------------------+-----
Polearms       | 3 4 5 |  5.4
Dodging        | 3 4 5 |  5.5
Armour         | 1 2 3 4 |  4.5
Fighting       | 3 4 5 |  5.5
Throwing       | |  1.7

Action                     |  1- 3 |  4- 6 |  7- 9 || total
---------------------------+-------+-------+-------++-------
  Melee: Trident           |   104 |   126 |    38 ||   268
         Headbutt          |     7 |    18 |    10 ||    35
         Touch             |     9 |    13 |     9 ||    31
         Punch             |       |     1 |     1 ||     2
  Throw: Throwing net      |       |     2 |     1 ||     3
         Javelin           |       |       |     1 ||     1
    Use: Scroll            |     3 |     9 |       ||    12
         Potion            |       |       |     3 ||     3
   Stab: Sleeping          |     2 |       |       ||     2
         Distracted        |       |     1 |       ||     1
         Held in net/web   |       |     1 |       ||     1
 Armour: Leather armour    |    18 |    22 |     4 ||    44
  Dodge: Dodged            |    49 |    58 |    25 ||   132

Table legend: (Time is in decaauts)
 A = Elapsed time spent in this place.
 B = Non-inter-level travel time spent in this place.
 C = Inter-level travel time spent in this place.
 D = Time resting spent in this place.
 E = Time spent auto-exploring this place.
 F = Levels seen in this place.
 G = Mean time per level.
                   A        B        C        D        E       F      G
               +--------+--------+--------+--------+--------+-----+--------+
         Total |   3371 |   3343 |     28 |    254 |   2307 |   7 |  481.6 |
       Dungeon |   3316 |   3288 |     28 |    254 |   2288 |   6 |  552.7 |
        Temple |     54 |     54 |      0 |      0 |     19 |   1 |   54.0 |
               +--------+--------+--------+--------+--------+-----+--------+

Top non-repeatable levels by time:
     D:1: 854 daAuts
     D:2: 814 daAuts
     D:3: 669 daAuts
     D:4: 627 daAuts
     D:6: 245 daAuts
     D:5: 104 daAuts
  Temple: 54 daAuts
